General information
- name: BNet
- type: Ladder team game (AT/RT)
- host: Battle.net
- saver: greendestiny
map: Typhoon
- players: 6
- length: 15:14
- speed: Fast
- version: 1.24 W3XP
- replay type: Public
» download(115 KB)
Players
team 1 (loser)
Honestly3K (
orange | 138 APM | 2075 actions | 15:02)
3 Death Knight
2 Death Coil
1 Unholy Aura
2 Lich
1 Frost Nova
1 Dark Ritual
1 Crypt Lord
1 Impale
» actions
| Assign group hotkey | 37 | |
| Basic commands | 15 | |
| Build / train | 47 | |
| Enter build submenu | 15 | |
| Enter hero's abilities submenu | 6 | |
| Right click | 948 | |
| Select / deselect | 361 | |
| Select group hotkey | 484 | |
| Use ability | 162 | |
2075 total
» units
| Acolyte | 3 | |
| Ghoul | 9 | |
| Crypt Fiend | 9 | |
| Obsidian Statue | 2 | |
23 total
» upgrades
| Burrow | 1 | |
| Web | 1 | |
| Destroyer Form | 1 | |
3 total
» buildings
| Crypt | 2 | |
| Ziggurat | 6 | |
| Altar of Darkness | 1 | |
| Tomb of Relics | 2 | |
| Graveyard | 1 | |
| Halls of the Dead | 1 | |
| Slaughterhouse | 1 | |
| Black Citadel | 1 | |
| Spirit Tower | 3 | |
18 total
» build order
00:10 Crypt
00:20 Ziggurat
00:35 Altar of Darkness
00:59 Tomb of Relics
01:03 Crypt
01:31 Ziggurat
01:49 Tomb of Relics
03:21 Graveyard
04:04 Halls of the Dead
05:42 Ziggurat
05:44 Ziggurat
06:43 Slaughterhouse
09:41 Black Citadel
10:52 Ziggurat
12:42 Spirit Tower
13:05 Spirit Tower
13:09 Ziggurat
13:37 Spirit Tower
» items
| Rod of Necromancy | 3 | |
| Dust of Appearance | 2 | |
| Orb of Corruption | 1 | |
6 total
GlenPL (
red | 37 APM | 566 actions | 15:07)
3 Crypt Lord
2 Carrion Beetles
1 Spiked Carapace
» actions
| Assign group hotkey | 5 | |
| Build / train | 21 | |
| Enter build submenu | 10 | |
| Enter hero's abilities submenu | 4 | |
| Right click | 298 | |
| Select / deselect | 175 | |
| Select group hotkey | 8 | |
| Use ability | 45 | |
566 total
» units
» buildings
| Crypt | 2 | |
| Ziggurat | 3 | |
| Altar of Darkness | 1 | |
| Tomb of Relics | 1 | |
| Halls of the Dead | 1 | |
| Black Citadel | 1 | |
| Graveyard | 1 | |
| Nerubian Tower | 1 | |
| Sacrificial Pit | 1 | |
12 total
» build order
00:23 Crypt
00:25 Ziggurat
00:39 Altar of Darkness
00:58 Crypt
01:31 Ziggurat
02:01 Tomb of Relics
03:55 Halls of the Dead
06:58 Black Citadel
07:07 Graveyard
07:16 Ziggurat
07:57 Nerubian Tower
08:40 Sacrificial Pit
» items

»
Miless (
pink | 46 APM | 701 actions | 15:13)
3 Dreadlord
1 Sleep
2 Carrion Swarm
» actions
| Assign group hotkey | 14 | |
| Basic commands | 1 | |
| Build / train | 44 | |
| Enter build submenu | 13 | |
| Enter hero's abilities submenu | 3 | |
| Remove unit from queue | 2 | |
| Right click | 299 | |
| Select / deselect | 263 | |
| Select group hotkey | 34 | |
| Use ability | 28 | |
701 total
» units
| Acolyte | 3 | |
| Ghoul | 19 | |
| Meatwagon | 4 | |
| Abomination | 5 | |
31 total
» upgrades
| Unholy Strength | 2 | |
| Unholy Armor | 1 | |
| Disease Cloud | 0 | |
3 total
» buildings
| Altar of Darkness | 1 | |
| Ziggurat | 4 | |
| Crypt | 2 | |
| Tomb of Relics | 1 | |
| Halls of the Dead | 1 | |
| Graveyard | 1 | |
| Nerubian Tower | 1 | |
| Slaughterhouse | 3 | |
| Black Citadel | 1 | |
15 total
» build order
00:02 Altar of Darkness
00:13 Ziggurat
00:34 Crypt
00:58 Crypt
01:28 Ziggurat
03:18 Ziggurat
03:56 Tomb of Relics
04:23 Ziggurat
06:20 Halls of the Dead
06:50 Graveyard
07:24 Nerubian Tower
09:01 Slaughterhouse
09:14 Slaughterhouse
10:26 Black Citadel
12:08 Slaughterhouse
» items
team 2 (winner)
GFa_D3rkii (
green | 92 APM | 1402 actions | 15:13)
3 Pandaren Brewmaster
2 Breath of Fire
1 Drunken Haze
2 Mountain King
1 Storm Bolt
1 Bash
» actions
| Assign group hotkey | 50 | |
| Basic commands | 2 | |
| Build / train | 62 | |
| ESC pressed | 3 | |
| Enter build submenu | 21 | |
| Enter hero's abilities submenu | 5 | |
| Right click | 479 | |
| Select / deselect | 291 | |
| Select group hotkey | 406 | |
| Use ability | 83 | |
1402 total
» units
| Peasant | 17 | |
| Footman | 3 | |
| Rifleman | 13 | |
| Priest | 5 | |
| Sorceress | 3 | |
| Spell Breaker | 2 | |
43 total
» upgrades
» buildings
| Altar of Kings | 1 | |
| Farm | 13 | |
| Barracks | 1 | |
| Blacksmith | 1 | |
| Lumber Mill | 1 | |
| Keep | 1 | |
| Scout Tower | 1 | |
| Arcane Vault | 1 | |
| Arcane Sanctum | 1 | |
| Guard Tower | 2 | |
23 total
» build order
00:10 Altar of Kings
00:24 Farm
00:45 Barracks
00:48 Farm
01:51 Blacksmith
02:18 Farm
02:24 Farm
03:03 Lumber Mill
03:29 Farm
03:57 Keep
04:07 Farm
04:32 Scout Tower
06:30 Arcane Vault
07:40 Arcane Sanctum
09:31 Guard Tower
09:31 Guard Tower
11:54 Farm
11:55 Farm
12:27 Farm
12:28 Farm
13:02 Farm
13:04 Farm
13:07 Farm
» items
| Scroll of Regeneration | 1 | |
| Lesser Clarity Potion | 1 | |
| Ivory Tower | 2 | |
4 total
greendestiny (
yellow | 125 APM | 1899 actions | 15:14)
6 Keeper of the Grove
3 Force of Nature
1 Thorns Aura
1 Entangling Roots
1 Tranquility
2 Priestess of the Moon
1 Searing Arrows
1 Trueshot Aura
» actions
| Assign group hotkey | 135 | |
| Basic commands | 210 | |
| Build / train | 76 | |
| ESC pressed | 3 | |
| Enter build submenu | 17 | |
| Enter hero's abilities submenu | 8 | |
| Right click | 670 | |
| Select / deselect | 390 | |
| Select group hotkey | 323 | |
| Use ability | 67 | |
1899 total
» units
| Wisp | 25 | |
| Archer | 8 | |
| Huntress | 9 | |
| Hippogryph | 4 | |
| Druid of the Talon | 2 | |
48 total
» upgrades
| Ultravision | 2 | |
| Nature's Blessing | 1 | |
| Sentinel | 1 | |
| Druid of the Talon Training | 1 | |
5 total
» buildings
| Altar of Elders | 1 | |
| Moon Well | 4 | |
| Ancient of War | 2 | |
| Ancient of Wonders | 1 | |
| Hunter's Hall | 1 | |
| Ancient Protector | 4 | |
| Tree of Life | 1 | |
| Tree of Ages | 2 | |
| Ancient of Wind | 2 | |
18 total
» build order
00:05 Altar of Elders
00:19 Moon Well
00:47 Ancient of War
01:38 Moon Well
02:07 Ancient of Wonders
02:43 Hunter's Hall
03:09 Moon Well
03:57 Ancient Protector
04:01 Ancient Protector
04:23 Ancient of War
05:56 Tree of Life
06:33 Moon Well
06:58 Tree of Ages
07:40 Ancient Protector
07:42 Ancient Protector
10:22 Ancient of Wind
10:26 Ancient of Wind
» items
| Lesser Clarity Potion | 4 | |
| Potion of Healing | 1 | |
| Dust of Appearance | 1 | |
6 total
bugs (
purple | 83 APM | 1269 actions | 15:14)
4 Archmage
2 Summon Water Elemental
2 Brilliance Aura
2 Mountain King
1 Storm Bolt
1 Bash
» actions
| Assign group hotkey | 61 | |
| Basic commands | 134 | |
| Build / train | 42 | |
| Enter build submenu | 17 | |
| Enter hero's abilities submenu | 6 | |
| Right click | 302 | |
| Select / deselect | 178 | |
| Select group hotkey | 474 | |
| Use ability | 55 | |
1269 total
» units
| Peasant | 9 | |
| Rifleman | 10 | |
| Mortar Team | 5 | |
24 total
» upgrades
| Gunpowder | 1 | |
| Armor | 1 | |
| Long Rifles | 1 | |
| Fragmentation Shards | 1 | |
4 total
» buildings
| Altar of Kings | 1 | |
| Farm | 9 | |
| Blacksmith | 1 | |
| Barracks | 1 | |
| Scout Tower | 1 | |
| Arcane Tower | 1 | |
| Arcane Vault | 1 | |
| Keep | 1 | |
| Castle | 1 | |
| Workshop | 1 | |
18 total
» build order
00:08 Altar of Kings
00:29 Farm
00:55 Blacksmith
01:10 Barracks
01:26 Farm
01:45 Farm
02:06 Scout Tower
02:46 Arcane Tower
03:03 Farm
04:18 Farm
04:47 Arcane Vault
06:18 Keep
06:59 Farm
07:27 Farm
09:32 Castle
09:34 Workshop
12:30 Farm
12:56 Farm
» items
| Scroll of Regeneration | 1 | |
| Lesser Clarity Potion | 1 | |
2 total
Chat log
(00:06 / Allies) GFa_D3rkii: 3uds
(00:13 / All) GFa_D3rkii: gg
(00:14 / All) GFa_D3rkii: l
(01:26 / Allies) GFa_D3rkii: ghuls mass
(01:32 / Allies) greendestiny: mh :D
(02:10 / Allies) GFa_D3rkii: 3 ghuls mass^^
(02:32 / Allies) greendestiny: you could have told me right away :D
(02:44 / Allies) GFa_D3rkii: ghuls
(02:45 / Allies) GFa_D3rkii: mass
(02:47 / Allies) GFa_D3rkii: dk
(02:53 / Allies) GFa_D3rkii: dl pink
(02:56 / Allies) GFa_D3rkii: cl
(03:40 / Allies) GFa_D3rkii: b
(03:44 / Allies) GFa_D3rkii: b
(03:45 / Allies) GFa_D3rkii: b
(03:45 / Allies) GFa_D3rkii: b
(03:46 / Allies) GFa_D3rkii: b
(03:47 / Allies) GFa_D3rkii: b
(03:48 / Allies) GFa_D3rkii: b
(04:23 / Allies) GFa_D3rkii: they come
(04:25 / Allies) GFa_D3rkii: to me
(04:39 / Allies) greendestiny: hold on
(04:45 / Allies) greendestiny: haha no towers? !
(06:21 / Allies) greendestiny: greendestiny !
(06:55 / Allies) greendestiny: ty
(06:59 / Allies) GFa_D3rkii: np
(07:13 / Allies) greendestiny: ready?
(07:17 / Allies) GFa_D3rkii: go
(07:32 / Allies) GFa_D3rkii: only ghuls
(07:34 / Allies) GFa_D3rkii: or gagrs?^^
(07:57 / Allies) GFa_D3rkii: akos
(08:47 / Allies) GFa_D3rkii: relly nice
(08:48 / Allies) GFa_D3rkii: guys
(08:53 / Allies) GFa_D3rkii: yellow imba:d
(09:02 / Allies) greendestiny: ty
(09:08 / Allies) GFa_D3rkii: need clan ?
(09:09 / Allies) GFa_D3rkii: ^^
(09:12 / Allies) greendestiny: ok
(09:12 / Allies) GFa_D3rkii: j clan infy for esl
(09:32 / Allies) greendestiny: I don't have too much time for esl
(09:35 / Allies) GFa_D3rkii: np
(09:39 / Allies) GFa_D3rkii: but join clan infy
(10:28 / Allies) GFa_D3rkii: main
(11:04 / Allies) GFa_D3rkii: b
(11:47 / Allies) GFa_D3rkii: b
(11:48 / Allies) GFa_D3rkii: to towers
(12:11 / Allies) greendestiny: massing hippos now
(12:21 / Allies) GFa_D3rkii: for ?
(12:26 / Allies) greendestiny: wyrms?
(12:28 / Allies) greendestiny: ah tell me
(12:34 / Allies) GFa_D3rkii: no
(12:36 / Allies) GFa_D3rkii: wyrms
(12:39 / Allies) GFa_D3rkii: i think
(12:40 / Allies) greendestiny: ok
(14:44 / All) GFa_D3rkii: gg
(14:49 / Allies) GFa_D3rkii: heal
(14:59 / All) Honestly3K: useless team
(15:01 / All) Honestly3K: of no brainers